 Dungeon Crawl Stone Soup version 0.30.0-11-gf55b779eaf (webtiles) character file.

Game seed: 4053268735635807396

77 mdonais the Covered (level 4, 0/40 HPs)
             Began as a Meteoran Fighter on May 16, 2023.
             Slain by a river rat (4 damage)
             ... on level 3 of the Dungeon.
             The game lasted 00:03:40 (513 turns).

mdonais the Covered (Meteoran Fighter)               Turns: 513, Time: 00:03:41

Health: 0/40       AC:  7    Str: 19    XL:     4   Next: 91%
Magic:  5/5        EV:  9    Int:  9    God:
Gold:   59         SH:  5    Dex: 14    Spells: 3/3 levels left

rFire   . . .        a - +0 war axe
rCold   . . .        c - +0 buckler
rNeg    . . .        b - +0 scale mail
rPois   .            (no helmet)
rElec   .            (no cloak)
rCorr   .            (no gloves)
SInv    .            (no boots)
Will    .....        (no amulet) Stlth
                     (no ring)
HPRegen 0.26/turn    (no ring)
MPRegen 0.09/turn

%: no passive effects
@: glowing
A: sense surroundings 1, otherworldly, glowing, explore regen
a: no special abilities


You were on level 3 of the Dungeon.
You visited 1 branch of the dungeon, and saw 3 of its levels.

You collected 59 gold pieces.

Inventory:

Hand Weapons
 a - a +0 war axe (weapon)
 h - a +1 mace of draining
   (You found it on level 3 of the Dungeon)
Missiles
 f - 4 poisoned darts (quivered)
Armour
 b - a +0 scale mail (worn)
 c - a +0 buckler (worn)
Jewellery
 j - an amulet of faith
   (You found it on level 3 of the Dungeon)
Scrolls
 g - a scroll of enchant armour
Potions
 d - 2 potions of might
 e - 6 potions of curing {unknown}
 i - a potion of mutation {unknown}
 k - a potion of haste {unknown}


   Skills:
 + Level 4.0 Fighting
 + Level 3.6 Axes
 + Level 4.4 Armour
 - Level 4.0 Shields


You had 3 spell levels left.
You didn't know any spells.
Your spell library was empty.

Dungeon Overview and Level Annotations

Branches:
Dungeon (3/15) Zot: 1217

Altars:

Portals:
Sewer: D:3

Annotations:
D:3 exclusion: door


Innate Abilities, Weirdness & Mutations

You passively map a small area around you.
You are easily found by Zot.
You glow in the dark.
You regain HP and MP as you explore.


Message History

The giant cockroach misses you.
You completely miss the giant cockroach.
The giant cockroach bites you but does no damage. x2
You closely miss the giant cockroach.
The giant cockroach bites you but does no damage. x2
You slash the giant cockroach!
You kill the giant cockroach!
You slash the river rat!
The river rat is severely wounded.
The river rat bites you but does no damage.
The river rat barely misses you.
You barely miss the river rat.
The river rat is severely wounded.
The river rat bites you but does no damage.
You hit the river rat.
The river rat is almost dead.
You block the river rat's attack. The river rat bites you.
You take 3 damage, and have 30/33 hp.
You closely miss the river rat.
The river rat is almost dead.
The river rat closely misses you.
You barely miss the river rat.
The river rat is almost dead.
The river rat bites you but does no damage.
You closely miss the river rat.
The river rat is almost dead.
The river rat bites you.
The river rat bites you but does no damage.
You take 6 damage, and have 25/33 hp.
You closely miss the river rat.
The river rat is almost dead.
The river rat twitches its whiskers.
The river rat bites you.
You take 4 damage, and have 21/33 hp.
You barely miss the river rat.
The river rat is almost dead.
The river rat barely misses you.
You slash the river rat!
You kill the river rat!
You hear the brisk rusting of a drain very nearby.
You have reached level 4!
You regained 5 hp, and now have 27/40 hp.
MP restored: 5 A rat comes into view.
You see here a giant cockroach corpse. 2 river rats come into view.
You regained 2 hp, and now have 30/40 hp.
You hit the river rat but do no damage. The river rat barely misses you.
You slash the river rat!
The river rat is severely wounded.
The river rat bites you.
You closely miss the river rat.
The river rat is severely wounded.
You completely miss the rat. The rat closely misses you.
The river rat bites you but does no damage.
You closely miss the river rat.
The river rat is severely wounded.
You hit the rat.
You kill the rat!
The river rat closely misses you. The river rat barely misses you.
The river rat bites you but does no damage.
You hit the river rat but do no damage.
The river rat is severely wounded.
You hit the river rat but do no damage. You block the river rat's attack.
The river rat barely misses you.
You hit the river rat.
The river rat is almost dead.
You hit the river rat. The river rat bites you.
The river rat closely misses you.
You take 2 damage, and have 31/40 hp.
You closely miss the river rat.
The river rat is almost dead.
You closely miss the river rat.
The river rat bites you but does no damage.
The river rat bites you! You block the river rat's attack.
The river rat closely misses you.
You take 6 damage, and have 25/40 hp.
You slash the river rat!
You kill the river rat!
You hit the river rat but do no damage. The river rat bites you!
You take 7 damage, and have 18/40 hp.
You are too injured to fight recklessly!
You are too injured to fight recklessly!
You are too injured to fight recklessly!
You hit the river rat but do no damage.
The river rat is moderately wounded.
You block the river rat's attack.
You slash the river rat!
You kill the river rat!
Your Fighting skill increases to level 4!
You see here a river rat corpse.
You enter the shallow water.
Moving in this stuff is going to be slow.
You open the door.
A ball python and 2 river rats come into view.
The ball python hisses angrily.
Found a glowing drain.
You regained 2 hp, and now have 23/40 hp.
Your unstable footing causes you to fumble your attack.
The ball python barely misses you. The ball python grabs you.
The ball python constricts you.
You slash the ball python!
You kill the ball python!
You block the river rat's attack.
You hit the river rat.
The river rat is lightly wounded.
The river rat bites you but does no damage.
The river rat twitches its whiskers.
The river rat bites you but does no damage.
The river rat bites you.
You take 3 damage, and have 21/40 hp.
You barely miss the river rat.
The river rat is lightly wounded.
You slash the river rat!
The river rat bites you but does no damage.
You block the river rat's attack.
You hit the river rat.
The river rat is almost dead.
You closely miss the river rat. The river rat bites you.
You block the river rat's attack.
You take 1 damage, and have 21/40 hp.
You closely miss the river rat.
The river rat is almost dead.
You closely miss the river rat. The river rat bites you!
The river rat bites you.
* * * LOW HITPOINT WARNING * * *
The river rat bites you.
* * * LOW HITPOINT WARNING * * *
The river rat bites you but does no damage.
You take 11 damage, and have 10/40 hp.
MASSIVE DAMAGE!!
You are too injured to fight recklessly!
You closely miss the river rat.
The river rat is lightly wounded.
You closely miss the river rat. The river rat barely misses you. x2
You hit the river rat.
The river rat is moderately wounded.
You barely miss the river rat. The river rat misses you.
The river rat barely misses you.
You barely miss the river rat.
The river rat is moderately wounded.
You slash the river rat!
You kill the river rat!
The river rat bites you!
* * * LOW HITPOINT WARNING * * *
The river rat misses you.
You take 8 damage, and have 3/40 hp.
You hit the river rat.
The river rat is heavily wounded.
The river rat bites you.
You die...

#.# #. #.# ## #.# #
#.# # #.# ##########
###.#####
#........####..#.....
#~.......†.##.#.#####
#.~~@~...#..#.###
#~~†r~...##...#
#+#'#~...##.###
~~~#~~~.†).#
#~∩~#~...####
#~~~#~...# ##########


You could see a river rat.

Vanquished Creatures
  2 adders (D:3)
  4 river rats (D:3)
  A dart slug (D:3)
  2 ball pythons (D:3)
  2 bats (D:3)
  2 giant cockroaches
  3 goblins
  2 hobgoblins
  3 kobolds (D:3)
  2 rats
23 creatures vanquished.

Notes
Turn   | Place    | Note
-------+----------+-------------------------------------------
     0 | D:1      | mdonais the Meteoran Fighter began the quest for the Orb.
     0 | D:1      | Reached XP level 1. HP: 19/19 MP: 2/2
   109 | D:1      | Reached XP level 2. HP: 25/26 MP: 3/3
   309 | D:3      | Reached XP level 3. HP: 28/31 MP: 4/4
   476 | D:3      | Reached XP level 4. HP: 27/40 MP: 5/5
   502 | D:3      | Found a glowing drain.
   513 | D:3      | Slain by a river rat

Illustrated notes

Levels and vault maps discovered:
D:1:      nagdon_arrival_double_spiral, layout_loops_corners
D:2:      layout_basic, hellmonk_ecumenical_altar_crossroads, serial_forest,
          infiniplex_forest_corner_1, infiniplex_forest_lined_room_3,
          infiniplex_forest_pool, infiniplex_forest_lined_3_way,
          infiniplex_forest_lined_1, infiniplex_forest_straight_5,
          infiniplex_forest_clump_curved, grunt_ministairs_2,
          amcnicky_mini_pool_small
D:3:      layout_loops_ring, portal_sewer_entry_e,
          minmay_fractal_squares_gapless_5, uniq_crazy_yiuf_cottage

Skill      XL: |  1  2  3  4 |
---------------+-------------+-----
Axes           | 3 |  3.6
Armour         | 4 |  4.4
Shields        | 4 |  4.0
Fighting       | 4 |  4.0

Action                     |  1- 3 |  4- 6 || total
---------------------------+-------+-------++-------
  Melee: War axe           |    71 |    20 ||    91
    Use: Scroll            |     1 |       ||     1
 Armour: Scale mail        |    53 |     7 ||    60
  Dodge: Dodged            |    29 |    13 ||    42
  Block: Buckler           |    18 |     6 ||    24
